 Dungeon Crawl Stone Soup version 0.29.1-4-g47bece8355 (webtiles) character file.

Game seed: 15641301191676385395

968 iamoutofideas the Cleaver (level 8, -2/66 HPs)
             Began as a Hill Orc Berserker on Dec 8, 2022.
             Was a Priest of Trog.
             Slain by a steam dragon (12 damage)
             ... on level 5 of the Dungeon.
             The game lasted 00:04:35 (4947 turns).

iamoutofideas the Cleaver (Hill Orc Berserker)      Turns: 4947, Time: 00:04:36

Health: -2/66      AC:  0    Str: 22    XL:     8   Next: 16%
Magic:  8/8        EV: 11    Int:  7    God:    Trog [***...]
Gold:   233        SH:  0    Dex: 10    Spells: 7/7 levels left

rFire   . . .      SeeInvis .   a - +1 hand axe
rCold   + . .      Faith    .   (no shield)
rNeg    . . .      Spirit   .   u - +2 ring mail {rC+}
rPois   .          Reflect  .   (no helmet)
rElec   .          Harm     .   (no cloak)
rCorr   .          Rampage  .   v - +0 pair of gloves
Will    .....                   (no boots)
Stlth   ..........              b - amulet of regeneration
HPRegen 1.01/turn               (no ring)
MPRegen 0.11/turn               (no ring)

@: corroded, on berserk cooldown, slowed, very slow
A: no striking features
a: Renounce Religion, Berserk, Trog's Hand


You were on level 5 of the Dungeon.
You worshipped Trog.
Trog was most pleased with you.
You visited 1 branch of the dungeon, and saw 5 of its levels.

You collected 251 gold pieces.
You spent 18 gold pieces at shops.

Inventory:

Hand Weapons
 a - a +1 hand axe (weapon)
 e - a +0 war axe
Armour
 h - a +0 buckler
 i - a +0 ring mail
 u - a +2 ring mail of cold resistance (worn)
 v - a +0 pair of gloves (worn)
Jewellery
 b - an amulet of regeneration (around neck)
 n - an amulet of the acrobat
 y - a ring of magical power
Wands
 j - a wand of mindburst (11)
 s - a wand of acid (8)
Scrolls
 d - 2 scrolls of magic mapping {unknown}
 f - a scroll of torment
 k - a scroll of vulnerability {unknown}
 l - 2 scrolls of teleportation
 m - a scroll of enchant weapon
 p - 2 scrolls of butterflies {unknown}
 q - 3 scrolls of blinking {unknown}
 r - a scroll of fear {unknown}
 w - a scroll of poison {unknown}
 z - a scroll of immolation {unknown}
Potions
 c - a potion of lignification {unknown}
 g - a potion of flight {unknown}
 o - a potion of might
 t - a potion of attraction {unknown}
 x - 2 potions of haste {unknown}
 A - a potion of heal wounds {unknown}


   Skills:
 - Level 4.0 Fighting
 + Level 12.1 Axes
 - Level 2.6 Armour
 - Level 1.9 Dodging


You had 7 spell levels left.
You didn't know any spells.
Your spell library contained the following spells:

 Spells                   Type           Power      Damage    Failure   Level
 Summon Small Mammal      Summ           0%         N/A       58%         1
 Call Canine Familiar     Summ           0%         N/A       91%         3
 Dazzling Flash           Conj/Hex       0%         N/A       91%         3
 Gell's Gravitas          Tloc           0%         N/A       91%         3
 Lesser Beckoning         Tloc           0%         N/A       91%         3
 Summon Guardian Golem    Hex/Summ       0%         N/A       91%         3
 Teleport Other           Tloc           0%         N/A       91%         3
 Agony                    Necr           0%         N/A       100%        5
 Silence                  Hex/Air        0%         N/A       100%        5


Dungeon Overview and Level Annotations

Branches:
Dungeon (5/15)
 Temple: D:4-7

Altars:

Shops:
D:5 *


Message History

No target in view!
You start resting.
You feel a strong urge to attack something.
You start resting.
You feel your anger nearly subside.
You start resting.
You are no longer berserk.
You are exhausted.
You feel yourself slow down.
You start resting.
A steam dragon comes into view.
The steam dragon moves out of view.
HP restored.
A steam dragon is nearby!
A steam dragon is nearby!
The steam dragon hisses angrily.
A steam dragon is nearby!
A steam dragon is nearby!
A steam dragon is nearby!
The steam dragon bites you! The steam dragon barely misses you.
You barely miss the steam dragon. The steam dragon breathes steam at you.
The ball of steam hits you!!
You hit the steam dragon but do no damage.
You are engulfed in a cloud of scalding steam.
The steam dragon bites you.
* * * LOW HITPOINT WARNING * * *
The steam dragon barely misses you.
You're still recovering from your berserk rage.
You hit the steam dragon but do no damage.
You are engulfed in a cloud of scalding steam.
* * * LOW HITPOINT WARNING * * *
The steam dragon barely misses you. The steam dragon claws you.
* * * LOW HITPOINT WARNING * * *
Unknown command.
Okay, then.
The steam dragon misses you. x2
The steam dragon attacks as you move away!
The steam dragon bites you!
You die...

....................#
....................#
............#.#
..[.....(..##.# .
..........###.###.#
..........###......
........#..# ......
.......###.##...#
#.....# #@...# ##.~)#
##D>.# #.≈≈ #.......#
#≈.≈ #........+ #≈
#......### ≈≈......#
##≈......# #≈......#
##......#


You could see a steam dragon.

Vanquished Creatures
  Grinder (D:3)
  A phantom (D:5)
  Blork the orc (D:4)
  A gnoll sergeant (D:5)
  4 hounds
  A gnoll bouda (D:4)
  2 jellies
  A centaur skeleton (D:3)
  An iguana (D:5)
  Ijyb (D:3)
  A scorpion zombie (D:3)
  An orc wizard (D:3)
  2 hound zombies (D:3)
  9 gnolls
  6 adders
  An adder zombie (D:3)
  2 adder skeletons (D:3)
  A worm (D:2)
  3 dart slugs
  3 orcs
  8 ball pythons
  3 endoplasms
  2 giant cockroaches
  10 goblins
  2 hobgoblins (D:2)
  2 quokkas (D:1)
  6 bats
  A frilled lizard (D:3)
  7 kobolds
  2 quokka skeletons (D:3)
  A quokka zombie (D:3)
  4 rats (D:1)
91 creatures vanquished.

Notes
Turn   | Place    | Note
-------+----------+-------------------------------------------
     0 | D:1      | iamoutofideas the Hill Orc Berserker began the quest for
                  | the Orb.
     0 | D:1      | Reached XP level 1. HP: 19/19 MP: 1/1
   258 | D:1      | Reached XP level 2. HP: 23/27 MP: 2/2
   987 | D:1      | Reached XP level 3. HP: 30/33 MP: 3/3
  1485 | D:2      | Reached ** piety under Trog
  1804 | D:2      | Found a faded altar of an unknown god.
  1952 | D:2      | Reached skill level 5 in Axes
  2249 | D:3      | Reached XP level 4. HP: 35/40 MP: 4/4
  2301 | D:3      | Reached skill level 6 in Axes
  2543 | D:3      | Reached XP level 5. HP: 46/46 MP: 5/5
  2545 | D:3      | Reached skill level 7 in Axes
  2613 | D:3      | Noticed Grinder
  2614 | D:3      | Paralysed by Grinder for 3 turns
  2629 | D:3      | Killed Grinder
  2630 | D:3      | Reached skill level 8 in Axes
  2630 | D:3      | Reached XP level 6. HP: 23/52 MP: 6/6
  2817 | D:3      | Noticed Ijyb
  2834 | D:3      | Killed Ijyb
  2835 | D:3      | Reached skill level 9 in Axes
  3581 | D:3      | HP: 2/52 [poisoned by an orc wizard]
  3841 | D:4      | Reached XP level 7. HP: 59/59 MP: 7/7
  4104 | D:4      | Reached skill level 10 in Axes
  4286 | D:4      | Noticed Blork the orc
  4299 | D:4      | Killed Blork the orc
  4303 | D:4      | Reached skill level 11 in Axes
  4332 | D:4      | Identified the +4 hand axe of the Throat {holy, *Noise
                  | rElec Int+2 Stlth+}
  4596 | D:5      | Entered Level 5 of the Dungeon
  4611 | D:5      | Reached *** piety under Trog
  4657 | D:5      | Found Qesuop's CLEARANCE SALE!.
  4688 | D:5      | Bought a scroll of teleportation for 18 gold pieces
  4814 | D:5      | Reached XP level 8. HP: 62/66 MP: 8/8
  4886 | D:5      | Reached skill level 12 in Axes
  4947 | D:5      | Slain by a steam dragon

Illustrated notes

Levels and vault maps discovered:
D:1:      wander_arrival_abandoned_jail, layout_loops_ring
D:2:      layout_loops_ring, chequers_ecumenical_altar_simple
D:3:      layout_loops_corners, serial_undead, serial_undead_a, serial_undead_d,
          serial_undead_a, serial_undead_d, serial_undead_a, serial_undead_d,
          kennysheep_boxes, uniq_grinder, uniq_ijyb
D:4:      layout_loops_ring, uniq_blork_the_orc
D:5:      layout_basic, chequers_serial_rivers_small_b,
          minmay_misc_feat_pillars, nicolae_shop_clearance, uniq_duvessa

Skill      XL: |  1  2  3  4  5  6  7  8 |
---------------+-------------------------+-----
Fighting       | 4 |  4.0
Axes           | 5 6 8 9 11 12 | 12.1
Armour         | |  2.6
Dodging        | |  1.9

Action                   |  1- 3 |  4- 6 |  7- 9 || total
-------------------------+-------+-------+-------++-------
Melee: Hand axe          |   141 |   106 |   115 ||   362
       Punch             |     2 |     2 |       ||     4
Invok: Berserk           |       |     4 |     4 ||     8
  Use: Scroll            |       |     2 |     2 ||     4
       Potion            |       |     1 |       ||     1
 Stab: Sleeping          |     2 |       |       ||     2
Armor: Animal skin       |    13 |       |       ||    13
       Ring mail         |    27 |    29 |    33 ||    89
Dodge: Dodged            |    91 |    43 |    59 ||   193
